[Event "ICC tourney 2034 (75 10)"]
[Site "Internet Chess Club"]
[Date "2020.10.03"]
[Round "1"]
[White "yogokings12"]
[Black "prabp"]
[Result "1-0"]
[ICCResult "Black checkmated"]
[WhiteElo "1692"]
[BlackElo "1448"]
[Opening "Sicilian: Taimanov (Bastrikov) variation"]
[ECO "B47"]
[NIC "SI.40"]
[Time "12:07:57"]
[TimeControl "4500+10"]

1. e4 c5 2. Nf3 e6 3. d4 cxd4 4. Nxd4 Nc6 5. Nc3 Qc7 6. Ndb5 Qb8 7. Be3 a6
8. Nd4 Nf6 9. f4 Bb4 10. Bd3 Nxd4 11. Bxd4 Qxf4 12. g3 Qg5 13. a3 Bc5 14.
Bxc5 Qxc5 15. Qe2 b5 16. O-O-O Bb7 17. Rhf1 Rc8 18. e5 Nd5 19. Ne4 Qe3+ 20.
Qxe3 Nxe3 21. Nd6+ Kd8 22. Nxf7+ Ke7 23. Nxh8 Nxf1 24. Ng6+ hxg6 25. Rxf1 g5
26. Kd2 Rf8 27. Rxf8 Kxf8 28. Ke3 Ke7 29. Kd4 d6 30. c4 bxc4 31. Bxc4 d5 32.
Bd3 Kd7 33. Kc5 Kc7 34. b4 Bc8 35. a4 Bb7 36. b5 axb5 37. axb5 Bc8 38. b6+
Kd7 39. Bb5+ Kd8 40. Bc6 Ba6 41. Ba4 Bb7 42. Kd6 d4 43. Kxe6 d3 44. Bd1 Be4
45. Kd6 d2 46. e6 Ke8 47. e7 Kf7 48. Bb3+ Kf6 49. e8=Q Kf5 50. Qe5+ Kg6 51.
Qxe4+ Kh6 52. Qe3 Kh5 53. Qxd2 Kg4 54. Qg2 Kh5 55. Bd1+ Kh6 56. b7 g6 57.
b8=Q Kg7 58. Qc7+ Kf6 59. Qe7+ Kf5 60. Qf3# {Black checkmated} 1-0

[Event "ICC tourney 2034 (75 10)"]
[Site "Internet Chess Club"]
[Date "2020.10.03"]
[Round "1"]
[White "ChessWizard87"]
[Black "TigerSahi"]
[Result "1-0"]
[ICCResult "Black resigns"]
[WhiteElo "1592"]
[BlackElo "1585"]
[Opening "two knights: Max Lange attack"]
[ECO "C44"]
[NIC "SO.06"]
[Time "12:08:04"]
[TimeControl "4500+10"]

1. e4 e5 2. Nf3 Nc6 3. d4 exd4 4. Bc4 Bc5 5. O-O Nf6 6. e5 d5 7. exf6 dxc4
8. fxg7 Rg8 9. Re1+ Be6 10. Bg5 Qd7 11. Nbd2 Be7 12. Qe2 d3 13. Qe4 O-O-O
14. Bxe7 Qxe7 15. Nxc4 dxc2 16. Qxh7 Qc5 17. Ne3 Bxa2 18. Nxc2 Bb3 19. Ne3
Ne5 20. Nxe5 Rde8 21. Nd3 Qc6 22. Nf5 Kb8 23. Ne7 Qd6 24. Nxg8 Rxe1+ 25.
Rxe1 Qd8 26. Ne7 f6 27. Qh8 a6 28. Qxd8+ Ka7 29. Qxc7 {Black resigns} 1-0

[Event "ICC tourney 2034 (75 10)"]
[Site "Internet Chess Club"]
[Date "2020.10.03"]
[Round "1"]
[White "ramnadar"]
[Black "weakfish"]
[Result "1-0"]
[ICCResult "Black resigns"]
[WhiteElo "1788"]
[BlackElo "1588"]
[Opening "Caro-Kann: Panov-Botvinnik attack"]
[ECO "B13"]
[NIC "CK.03"]
[Time "12:07:59"]
[TimeControl "4500+10"]

1. e4 c6 2. d4 d5 3. exd5 cxd5 4. c4 Nf6 5. Nc3 a6 6. Bg5 dxc4 7. Bxc4 e6 8.
Nf3 Be7 9. O-O Nbd7 10. Qe2 O-O 11. Rad1 Qc7 12. Bd3 b5 13. Ne5 Rd8 14. Rfe1
Nxe5 15. dxe5 Nd5 16. Qe4 g6 17. Nxd5 exd5 18. Qh4 Bxg5 19. Qxg5 Re8 20. f4
Qe7 21. Qg3 Kh8 22. Rc1 Rg8 23. Qf2 Bb7 24. Qd4 Rg7 25. Rc5 Rc8 26. Rxc8+
Bxc8 27. Rc1 Qe6 28. h3 h5 29. Kh2 Kh7 30. Rc5 Bb7 31. Rc7 f6 32. Rxg7+ Kxg7
33. exf6+ Qxf6 34. Qxf6+ Kxf6 35. g4 Bc8 36. g5+ Kg7 37. h4 Be6 38. b3 Bf7
39. Kg3 Kf8 40. Kf2 Ke7 41. Ke3 Kd6 42. Kd4 Be8 43. b4 Bf7 44. Be2 Be6 45.
Bf3 Bf7 46. Be2 Be6 47. Bd3 Bf7 48. f5 gxf5 49. Bxf5 Ke7 50. Bc8 Kd6 51.
Bxa6 Kc6 52. Bc8 Bg6 53. Bh3 Kd6 54. Bg2 Bf7 55. Bf3 Kc6 56. Be2 Be8 57. Ke5
Bg6 58. Bf3 Bf7 59. a3 {Black resigns} 1-0

[Event "ICC tourney 2034 (75 10)"]
[Site "Internet Chess Club"]
[Date "2020.10.03"]
[Round "1"]
[White "QueensRule"]
[Black "zhouliang"]
[Result "0-1"]
[ICCResult "White resigns"]
[WhiteElo "1575"]
[BlackElo "1588"]
[Opening "Caro-Kann: advance variation"]
[ECO "B12"]
[NIC "CK.04"]
[Time "12:07:58"]
[TimeControl "4500+10"]

1. e4 c6 2. d4 d5 3. e5 Bf5 4. Nf3 Nd7 5. c4 e6 6. Nc3 h6 7. Be2 Ne7 8. cxd5
Nxd5 9. Nxd5 cxd5 10. Qa4 Be7 11. Bd2 O-O 12. Rc1 a6 13. O-O b5 14. Qb3 Qb6
15. Bb4 Bxb4 16. Qxb4 Rfc8 17. Rc3 Rxc3 18. bxc3 Bc2 19. Rc1 Ba4 20. Rb1 Rc8
21. Qe7 Qc6 22. Nh4 Nb6 23. Bh5 g6 24. Nxg6 fxg6 25. Bxg6 Qd7 26. Bf7+ Kh7
27. Qf6 Bc2 28. Bxe6 Qg7 29. Bf5+ Bxf5 30. Qxf5+ Qg6 31. g4 Qxf5 32. gxf5
Rxc3 33. f6 Nd7 34. f7 Nf8 35. f4 Kg7 36. f5 Kxf7 37. Re1 Ke7 38. e6 Nh7 39.
Re5 Nf6 40. Re2 Rf3 41. Re5 Rf4 42. h3 Rxd4 43. Re2 Rf4 44. Rf2 Rxf2 45.
Kxf2 Kd6 46. Ke3 Ke5 47. Kd3 Kxf5 48. e7 Ke6 49. e8=Q+ Nxe8 50. Kd4 Nf6 51.
Kd3 Ke5 52. Ke3 d4+ 53. Kd3 Nd5 54. Kd2 Nf4 55. h4 Ng2 56. h5 Nf4 57. Kc2
Nxh5 58. Kd2 Nf4 59. Ke1 Nd5 60. Kf2 Nc3 61. a3 Nb1 62. Ke1 Nxa3 63. Kd2 Ke4
64. Ke2 Nc4 65. Ke1 a5 66. Ke2 a4 {White resigns} 0-1

[Event "ICC tourney 2034 (75 10)"]
[Site "Internet Chess Club"]
[Date "2020.10.03"]
[Round "1"]
[White "RajatRavi"]
[Black "atevifred"]
[Result "0-1"]
[ICCResult "White resigns"]
[WhiteElo "1423"]
[BlackElo "1883"]
[Opening "QGD Slav defense"]
[ECO "D43"]
[NIC "SL.01"]
[Time "12:20:44"]
[TimeControl "4500+10"]

1. d4 d5 2. c4 c6 3. Nc3 Nf6 4. Bg5 e6 5. Nf3 Be7 6. e3 O-O 7. Bd3 h6 8. Bh4
Nbd7 9. O-O Re8 10. Bg3 dxc4 11. Bxc4 Nb6 12. Bb3 Nh5 13. Be5 Nf6 14. Rc1
Nbd5 15. Re1 Ng4 16. Bg3 Bd6 17. Ne4 Bxg3 18. Nxg3 Ngf6 19. Ne5 Bd7 20. Nh5
Nxh5 21. Qxh5 Rf8 22. Qg4 Be8 23. Bc2 Nf6 24. Qg3 Qd6 25. Ng4 Qxg3 26. Nxf6+
gxf6 27. hxg3 f5 28. Bd3 Rd8 29. Red1 f6 30. b4 a6 31. a4 Bd7 32. Bc4 Kf7
33. Rb1 Rc8 34. Be2 Ke7 35. b5 cxb5 36. axb5 a5 37. Rdc1 b6 38. Bf3 Rxc1+
39. Rxc1 Rc8 40. Rb1 Kd6 41. Kf1 Rc2 42. Be2 Bc8 43. Bd3 Rc3 44. Be2 Bb7 45.
Ke1 Bd5 46. Kd2 Rc7 47. f3 Rg7 48. Bf1 Rc7 49. Bd3 Bc4 50. e4 fxe4 51. fxe4
Bxd3 52. Kxd3 Rg7 53. Ke2 Rxg3 54. Kf2 Rc3 55. Rh1 Rb3 56. Rxh6 Ke7 57. Rh7+
Kf8 58. g4 Rxb5 59. Kf3 a4 60. Kf4 a3 61. Rh1 Rb3 62. e5 fxe5+ 63. Kxe5 Re3+
64. Kf6 Kg8 65. g5 a2 66. g6 b5 67. g7 Rf3+ 68. Kxe6 Kxg7 69. Rg1+ Kf8 70.
d5 Re3+ 71. Kf6 Ke8 72. Ra1 Re2 73. Rc1 Kd7 74. Kf5 b4 75. Kf4 b3 76. Kf3 b2
77. d6 Re3+ 78. Kxe3 bxc1=Q+ 79. Ke2 a1=Q 80. Kd3 Qab1+ 81. Kd4 Qcb2+ 82.
Ke3 Qc3+ 83. Kf4 Qbb4+ 84. Kf5 Qcc5+ 85. Kf6 Qxd6+ 86. Kf7 Qbf4+ 87. Kg7
Qe7+ {White resigns} 0-1

[Event "ICC tourney 2034 (75 10)"]
[Site "Internet Chess Club"]
[Date "2020.10.03"]
[Round "1"]
[White "bgolev"]
[Black "Mapking1"]
[Result "1/2-1/2"]
[ICCResult "Game drawn by mutual agreement"]
[WhiteElo "1831"]
[BlackElo "1671"]
[Opening "King's Indian, 3.Nf3"]
[ECO "E60"]
[NIC "QP.06"]
[Time "12:07:56"]
[TimeControl "4500+10"]

1. d4 Nf6 2. Nf3 g6 3. c4 Bg7 4. g3 O-O 5. Bg2 c5 6. e3 Qc7 7. Qe2 cxd4 8.
exd4 d5 9. Ne5 Rd8 10. Be3 Nc6 11. Nxc6 bxc6 12. O-O Ba6 13. Nd2 e5 14. Rfc1
exd4 15. Bxd4 dxc4 16. Bxf6 Bxf6 17. Nxc4 Rd4 18. Qf3 Bg5 19. Ne3 Bb7 20.
Rc2 Bxe3 21. Qxe3 Rd6 22. Rac1 Qd7 23. Bf3 Rd3 24. Qf4 Rd4 25. Qf6 Rd6 26.
Qf4 Rd4 27. Qf6 Rd6 28. Qf4 {Game drawn by mutual agreement} 1/2-1/2

[Event "ICC tourney 2034 (75 10)"]
[Site "Internet Chess Club"]
[Date "2020.10.03"]
[Round "2"]
[White "TigerSahi"]
[Black "RajatRavi"]
[Result "1-0"]
[ICCResult "Black resigns"]
[WhiteElo "1586"]
[BlackElo "1360"]
[Opening "QGD Slav defense: exchange variation"]
[ECO "D13"]
[NIC "SL.01"]
[Time "15:33:54"]
[TimeControl "4500+10"]

1. d4 d5 2. c4 c6 3. cxd5 cxd5 4. Nf3 Nc6 5. Nc3 Nf6 6. Bf4 a6 7. e3 e6 8.
Bd3 Bb4 9. O-O Bd6 10. Bxd6 Qxd6 11. a3 b5 12. Qc2 O-O 13. Rac1 Bb7 14. Rfd1
Rac8 15. Qd2 Qd8 16. b4 Re8 17. Qb2 Ne7 18. a4 bxa4 19. Nxa4 a5 20. Nc5 Bc6
21. b5 Ba8 22. b6 Bc6 23. Ne5 Nd7 24. b7 Rb8 25. Nexd7 Bxd7 26. Na6 Ba4 27.
Rd2 Bc6 28. Nxb8 Qxb8 29. Rdc2 Bxb7 30. Rb1 {Black resigns} 1-0

[Event "ICC tourney 2034 (75 10)"]
[Site "Internet Chess Club"]
[Date "2020.10.03"]
[Round "2"]
[White "mathewjiang"]
[Black "yogokings12"]
[Result "0-1"]
[ICCResult "White resigns"]
[WhiteElo "1669"]
[BlackElo "1708"]
[Opening "Grünfeld: 5.e3"]
[ECO "D94"]
[NIC "GI.09"]
[Time "15:32:39"]
[TimeControl "4500+10"]

1. d4 Nf6 2. c4 g6 3. Nc3 d5 4. Nf3 Bg7 5. e3 O-O 6. Be2 c5 7. O-O cxd4 8.
Nxd4 e5 9. Nf3 e4 10. Nd4 dxc4 11. Bxc4 Bg4 12. Qc2 Qe7 13. b3 Nbd7 14. Bb2
Nb6 15. Be2 Bxe2 16. Qxe2 Nfd5 17. Nxd5 Nxd5 18. Rac1 Rac8 19. Rfd1 Rfd8 20.
h3 a6 21. a3 b5 22. b4 Nb6 23. Rxc8 Rxc8 24. Rc1 Rxc1+ 25. Bxc1 Nc4 26. a4
Qd7 27. axb5 axb5 28. Qd1 f5 29. Kf1 f4 30. Ke2 f3+ 31. gxf3 Bxd4 32. Qxd4
exf3+ 33. Kxf3 Qxh3+ 34. Ke2 Qh5+ 35. Ke1 Qh1+ 36. Ke2 Qxc1 37. Qd5+ Kg7 38.
Qxb5 Qd2+ 39. Kf3 Qd1+ 40. Kg3 Qd6+ 41. Kg2 Nb6 42. f4 Qd5+ 43. Qxd5 Nxd5
44. b5 Nxe3+ 45. Kf3 Nc4 46. Ke4 h5 47. Kd5 Nb6+ 48. Kc5 Na4+ 49. Kb4 Nb6
50. Kc5 h4 51. Kxb6 h3 52. Ka7 h2 53. b6 h1=Q 54. b7 Qxb7+ 55. Kxb7 Kf6 56.
Kc6 Kf5 57. Kd5 Kxf4 58. Kd4 g5 59. Kd3 Kf3 60. Kd2 Kf2 61. Kd3 g4 62. Ke4
g3 63. Kf4 g2 {White resigns} 0-1

[Event "ICC tourney 2034 (75 10)"]
[Site "Internet Chess Club"]
[Date "2020.10.03"]
[Round "2"]
[White "zhouliang"]
[Black "ramnadar"]
[Result "0-1"]
[ICCResult "White checkmated"]
[WhiteElo "1545"]
[BlackElo "1796"]
[Opening "English opening"]
[ECO "A13"]
[NIC "EO.64"]
[Time "15:32:46"]
[TimeControl "4500+10"]

1. c4 e6 2. Nf3 Nf6 3. Nc3 d5 4. e3 Be7 5. d4 O-O 6. c5 b6 7. b4 a5 8. bxa5
bxc5 9. Bd2 Nc6 10. Ne5 Nxe5 11. dxe5 Nd7 12. f4 f5 13. a4 c6 14. Na2 Qe8
15. Be2 Bh4+ 16. g3 Bd8 17. h4 Ba6 18. Bf3 Bc4 19. g4 fxg4 20. Bxg4 Nxe5 21.
Nc1 Qg6 22. Bc3 Nxg4 23. Qf3 h5 24. Ne2 Bxe2 25. Qxe2 Qe4 26. Kd2 Bxa5 27.
Bxa5 Rxa5 28. Rhb1 Rxa4 29. Rxa4 Qxa4 30. Qd3 Qa2+ 31. Kc1 Qf2 32. Qg6 Qg1+
33. Kd2 Qxe3+ 34. Kd1 Nf2+ 35. Kc2 Qe2+ 36. Kb3 Rb8+ 37. Ka3 Qa6#
{White checkmated}
0-1

[Event "ICC tourney 2034 (75 10)"]
[Site "Internet Chess Club"]
[Date "2020.10.03"]
[Round "2"]
[White "atevifred"]
[Black "ChessWizard87"]
[Result "1/2-1/2"]
[ICCResult "Game drawn by mutual agreement"]
[WhiteElo "1873"]
[BlackElo "1652"]
[Opening "Dutch defense"]
[ECO "A40"]
[NIC "QO.17"]
[Time "15:32:47"]
[TimeControl "4500+10"]

1. d4 e6 2. c4 f5 3. Nf3 Nf6 4. g3 d5 5. Bg2 c6 6. Qc2 Bd6 7. Nbd2 O-O 8.
O-O b6 9. b3 Nbd7 10. Bb2 Bb7 11. Ne5 Rc8 12. Ndf3 Qe7 13. Rac1 Ne4 14. Nxd7
Qxd7 15. Ne5 Qe7 16. f3 Nf6 17. c5 Bc7 18. Qd3 b5 19. b4 a5 20. a3 a4 21. e3
Nd7 22. Rf2 Rf6 23. Rcf1 Rcf8 24. Qc3 Qe8 25. Bc1 h6 26. Re1 Nxe5 27. dxe5
R6f7 28. Rd2 Re7 29. Red1 Qg6 30. Qd4 Rd8 31. Bb2 Red7 32. Qd3 Bc8 33. Qe2
Kh7 34. Rd3 Qf7 35. R1d2 Kg8 36. Qd1 Qe7 37. Bd4 Qf7 38. Rf2 Qe8 39. Rdd2
Rf7 40. Bf1 Bd7 41. Bd3 Qf8 42. Bb1 Be8 43. Qc2 Rdd7 44. Rg2 Rfe7 45. Rdf2
g5 46. f4 g4 47. Kf1 Rh7 48. Bc3 Bg6 49. Be1 Rdg7
{Game drawn by mutual agreement}
1/2-1/2

[Event "ICC tourney 2034 (75 10)"]
[Site "Internet Chess Club"]
[Date "2020.10.03"]
[Round "2"]
[White "Mapking1"]
[Black "chessp1234"]
[Result "1-0"]
[ICCResult "Black resigns"]
[WhiteElo "1685"]
[BlackElo "1699"]
[Opening "Sicilian: Kan, 5.Nc3"]
[ECO "B43"]
[NIC "SI.41"]
[Time "15:36:10"]
[TimeControl "4500+10"]

1. e4 c5 2. Nf3 e6 3. d4 cxd4 4. Nxd4 a6 5. Nc3 Qc7 6. Bd3 Bb4 7. O-O Bxc3
8. bxc3 Qxc3 9. Rb1 Qxd4 10. Bb2 Qd6 11. Bxg7 Ne7 12. Bxh8 Ng6 13. Ba1 Nc6
14. Qh5 Nce5 15. Rbd1 Nxd3 16. Rxd3 Nf4 17. Qxf7+ Kxf7 18. Rxd6 Ke7 19. Rdd1
b5 20. f3 Bb7 21. Be5 Ng6 22. Bd6+ Kf7 23. Rd2 Rg8 24. Rb1 Bc6 25. Re1 e5
26. Kh1 h5 27. Rf2 Ke6 28. Bb4 h4 29. Bd2 Rf8 30. g3 d5 31. Kg1 h3 32. Re3
d4 33. Re1 Rg8 34. c3 dxc3 35. Bxc3 Nf4 36. Rd2 Ng2 37. Red1 Ke7 38. Bb4+
Kf7 39. Rd6 Rc8 40. Rc1 Bb7 41. Rxc8 Bxc8 42. Kf2 Be6 43. Rxa6 Bc4 44. Bc3
b4 45. Ra7+ Kf6 46. Bxb4 {Black resigns} 1-0

[Event "ICC tourney 2034 (75 10)"]
[Site "Internet Chess Club"]
[Date "2020.10.03"]
[Round "2"]
[White "weakfish"]
[Black "bgolev"]
[Result "0-1"]
[ICCResult "White resigns"]
[WhiteElo "1582"]
[BlackElo "1837"]
[Opening "Ruy Lopez: closed, 7...O-O"]
[ECO "C88"]
[NIC "RL.17"]
[Time "15:32:42"]
[TimeControl "4500+10"]

1. e4 e5 2. Nf3 Nc6 3. Bb5 a6 4. Ba4 Nf6 5. O-O Be7 6. Re1 b5 7. Bb3 O-O 8.
Nc3 d6 9. h3 Na5 10. d3 b4 11. Nd5 Nxd5 12. Bxd5 c6 13. Bb3 Nxb3 14. axb3 c5
15. Be3 f5 16. exf5 Bxf5 17. Qe2 Bf6 18. Ra2 Ra7 19. g4 Bc8 20. Nd2 Raf7 21.
f3 Bb7 22. Rf1 Be7 23. Raa1 d5 24. Kg2 Qc7 25. Bg1 Bg5 26. Bh2 Bf4 27. Bxf4
Rxf4 28. Rae1 Re8 29. Qf2 e4 30. dxe4 dxe4 31. Kg1 Ref8 32. Re3 exf3 33.
Rfe1 Bd5 34. Re7 Qd6 35. R1e5 Rd4 36. Re8 Rxd2 37. Rxf8+ Kxf8 38. Rf5+ Bf7
39. Rxf7+ Kxf7 40. Qxf3+ Ke7 41. Qe4+ Qe6 42. Qb7+ Rd7 {White resigns} 0-1

[Event "ICC tourney 2034 (75 10)"]
[Site "Internet Chess Club"]
[Date "2020.10.03"]
[Round "2"]
[White "prabp"]
[Black "QueensRule"]
[Result "1-0"]
[ICCResult "Black checkmated"]
[WhiteElo "1485"]
[BlackElo "1563"]
[Opening "Queen's pawn"]
[ECO "A40"]
[NIC "QO.17"]
[Time "15:32:50"]
[TimeControl "4500+10"]

1. d4 e6 2. Bf4 f5 3. e3 Nf6 4. c3 b6 5. Nd2 Bb7 6. Ngf3 Be7 7. Bd3 O-O 8.
O-O Ne4 9. Qc2 Nxd2 10. Nxd2 Rf6 11. Be5 Rg6 12. e4 Bh4 13. Nf3 d6 14. Bg3
Bxg3 15. fxg3 fxe4 16. Bxe4 Bxe4 17. Qxe4 Nd7 18. Rae1 d5 19. Qe3 Qe7 20.
Ne5 Nxe5 21. Qxe5 Rf8 22. Rxf8+ Kxf8 23. Rf1+ Rf6 24. Rxf6+ gxf6 25. Qf4 c5
26. Kf2 cxd4 27. cxd4 Ke8 28. Qb8+ Kf7 29. Qh8 Kg6 30. Qg8+ Kh6 31. Kf3 a5
32. a3 b5 33. Qa8 Qc7 34. Qa6 Qc2 35. Qxe6 Qd1+ 36. Qe2 Qxe2+ 37. Kxe2 Kg5
38. b4 axb4 39. axb4 Kg4 40. Kf2 h5 41. h3+ Kg5 42. Kf3 f5 43. Ke3 f4+ 44.
gxf4+ Kf5 45. Kf3 h4 46. g3 hxg3 47. Kxg3 Ke4 48. h4 Kxd4 49. h5 Ke3 50. h6
d4 51. h7 d3 52. h8=Q d2 53. Qd8 Ke2 54. Qxd2+ Kxd2 55. f5 Kc3 56. f6 Kxb4
57. f7 Ka3 58. f8=Q+ b4 59. Qa8+ Kb2 60. Kf2 b3 61. Ke2 Kb1 62. Kd3 Kb2 63.
Qb7 Kc1 64. Kc3 Kd1 65. Qg2 Ke1 66. Kd3 b2 67. Qg1# {Black checkmated} 1-0

[Event "ICC tourney 2034 (75 10)"]
[Site "Internet Chess Club"]
[Date "2020.10.03"]
[Round "3"]
[White "ramnadar"]
[Black "yogokings12"]
[Result "1/2-1/2"]
[ICCResult "Game drawn by mutual agreement"]
[WhiteElo "1782"]
[BlackElo "1710"]
[Opening "Sicilian: dragon, classical attack"]
[ECO "B73"]
[NIC "SI.16"]
[Time "19:01:33"]
[TimeControl "4500+10"]

1. e4 c5 2. Nf3 d6 3. d4 cxd4 4. Nxd4 Nf6 5. Nc3 g6 6. Be3 Bg7 7. Be2 O-O 8.
O-O Nc6 9. Kh1 d5 10. Bf3 dxe4 11. Nxc6 bxc6 12. Qxd8 Rxd8 13. Nxe4 Nd5 14.
Rad1 Ba6 15. Rfe1 Nxe3 16. fxe3 Bxb2 17. Nc5 Bc4 18. Na4 Bf6 19. Bxc6 Rac8
20. Bb7 Rxd1 21. Rxd1 Rc7 22. Be4 Bb5 23. Nb2 Bxb2 24. Rb1 f5 25. Bd5+ Kg7
26. Rxb2 a6 27. Kg1 Rc3 28. Kf2 Kf6 29. Bb3 Ke5 30. Rb1 Ke4 31. Rd1 Bc6 32.
Rd4+ Ke5 33. g3 e6 34. Rc4 Rxc4 35. Bxc4 Bb5 36. Bd3 Bxd3 37. cxd3 Kd5 38.
h4 e5 39. Ke2 h6 40. Kd2 g5 41. hxg5 hxg5 42. Ke2 f4 43. gxf4 gxf4 44. exf4
exf4 45. Kf3 Kd4 46. Kxf4 Kxd3 47. a4 Kd4 48. Kf3 Kc4 49. Ke3 Kb4 50. Kd3
Kxa4 51. Kc2 Ka3 52. Kb1 Kb3 53. Ka1 a5 {Game drawn by mutual agreement}
1/2-1/2

[Event "ICC tourney 2034 (75 10)"]
[Site "Internet Chess Club"]
[Date "2020.10.03"]
[Round "3"]
[White "prabp"]
[Black "TigerSahi"]
[Result "1-0"]
[ICCResult "Black resigns"]
[WhiteElo "1517"]
[BlackElo "1573"]
[Opening "Queen's pawn: London system"]
[ECO "A45"]
[NIC "QP.07"]
[Time "19:01:36"]
[TimeControl "4500+10"]

1. d4 Nf6 2. Bf4 g6 3. Nc3 Bg7 4. e4 d6 5. Nf3 O-O 6. Qd2 Nbd7 7. Bd3 Re8 8.
e5 dxe5 9. dxe5 Nh5 10. Bh6 Nxe5 11. Bxg7 Nxf3+ 12. gxf3 Nxg7 13. O-O-O c6
14. Qh6 Qc7 15. Ne4 f6 16. Bc4+ Be6 17. Bxe6+ Nxe6 18. Kb1 Rad8 19. Qe3 Qxh2
20. Ng3 Rxd1+ 21. Rxd1 Ng5 22. Qb3+ Kf8 23. Qe3 Qg2 24. f4 Nh3 25. f5 g5 26.
Ne4 Nf4 27. Ng3 h5 28. Ne2 Nxe2 29. Qxe2 Qg4 30. Qxg4 hxg4 31. Rd4 Kf7 32.
Rxg4 Rd8 33. c4 c5 34. Kc2 Rd4 35. Rxd4 cxd4 36. Kd3 e6 37. fxe6+ Kxe6 38.
Kxd4 Kf5 39. b4 Ke6 40. Ke4 f5+ 41. Ke3 Ke5 42. Kf3 Kd4 43. c5 Kc4 44. a3
Kb3 45. b5 Kxa3 46. c6 bxc6 47. bxc6 Kb4 48. c7 a5 49. c8=Q a4 50. Qc1 Kb3
51. Qa1 a3 52. Qb1+ Kc3 53. Qxf5 a2 54. Qxg5 Kb2 55. Qf6+ Kb1 56. Qb6+ Ka1
57. Qa5 Kb1 58. Ke4 a1=Q 59. Qxa1+ Kxa1 60. f4 {Black resigns} 1-0

[Event "ICC tourney 2034 (75 10)"]
[Site "Internet Chess Club"]
[Date "2020.10.03"]
[Round "3"]
[White "zhouliang"]
[Black "Mapking1"]
[Result "1/2-1/2"]
[ICCResult "Game drawn by mutual agreement"]
[WhiteElo "1569"]
[BlackElo "1684"]
[Opening "Grünfeld: exchange variation"]
[ECO "D85"]
[NIC "GI.04"]
[Time "19:01:39"]
[TimeControl "4500+10"]

1. d4 Nf6 2. c4 g6 3. Nc3 d5 4. cxd5 Nxd5 5. e4 Nxc3 6. bxc3 Bg7 7. Qb3 O-O
8. Bc4 a6 9. a4 c5 10. d5 Qd6 11. Ne2 Nd7 12. f4 Nb6 13. Bd3 Bg4 14. Rb1 c4
15. Bxc4 Nxc4 16. Qxc4 Bxe2 17. Kxe2 Rac8 18. Qb4 Rxc3 19. Qxd6 exd6 20. Bd2
Rc4 21. Rb4 Rxb4 22. Bxb4 Rc8 23. Kd3 Bf8 24. a5 f6 25. Rb1 Kf7 26. Ba3 Rc7
27. Rb6 Rd7 28. Bb2 Bh6 29. g3 Bg7 {Game drawn by mutual agreement} 1/2-1/2

[Event "ICC tourney 2034 (75 10)"]
[Site "Internet Chess Club"]
[Date "2020.10.03"]
[Round "3"]
[White "chessp1234"]
[Black "weakfish"]
[Result "1-0"]
[ICCResult "Black resigns"]
[WhiteElo "1711"]
[BlackElo "1573"]
[Opening "Caro-Kann: classical, 6.h4"]
[ECO "B18"]
[NIC "CK.12"]
[Time "19:01:55"]
[TimeControl "4500+10"]

1. e4 c6 2. d4 d5 3. Nc3 dxe4 4. Nxe4 Bf5 5. Ng3 Bg6 6. h4 h6 7. h5 Bh7 8.
Nf3 Nd7 9. Bd3 Bxd3 10. Qxd3 Ngf6 11. Bd2 e6 12. O-O-O a5 13. c4 Bb4 14. a3
Bxd2+ 15. Nxd2 Qc7 16. Kb1 O-O 17. Nde4 Nxe4 18. Nxe4 Qf4 19. f3 Rfd8 20. g3
Qc7 21. Qe3 b5 22. c5 b4 23. a4 Nf8 24. f4 Rab8 25. b3 Qe7 26. g4 f5 27. Nf2
Rd5 28. g5 Rbd8 29. gxh6 gxh6 30. Rhg1+ Kh8 31. Rg2 Qf6 32. Qg3 Nh7 33. Rdg1
Qf7 34. Qg6 Qxg6 35. hxg6 Nf6 36. g7+ Kh7 37. Rg6 Ng8 38. Rxe6 Rxd4 39. Rxc6
Rxf4 40. Nd1 Rf3 41. Kc2 Rdd3 42. Ra6 Rxb3 43. c6 Ra3 44. c7 Rac3+ 45. Nxc3
Rxc3+ 46. Kb2 Rxc7 47. Rxa5 Rf7 48. Re5 f4 49. Kb3 f3 50. Kxb4 f2 51. Rf1
Kxg7 52. Re2 Nf6 53. Rexf2 Rb7+ 54. Kc4 Ne4 55. Re2 Nd6+ 56. Kc5 Nf7 57. a5
Nd8 58. a6 Rc7+ 59. Kb5 Ra7 60. Kb6 Ra8 61. Rg2+ Kh7 62. Rf8 Rb8+ 63. Kc7
Ne6+ 64. Kxb8 Nxf8 65. a7 {Black resigns} 1-0

[Event "ICC tourney 2034 (75 10)"]
[Site "Internet Chess Club"]
[Date "2020.10.03"]
[Round "3"]
[White "bgolev"]
[Black "atevifred"]
[Result "0-1"]
[ICCResult "White forfeits on time"]
[WhiteElo "1827"]
[BlackElo "1892"]
[Opening "Queen's pawn game"]
[ECO "D02"]
[NIC "QP.08"]
[Time "19:01:46"]
[TimeControl "4500+10"]

1. d4 d5 2. Nf3 c6 3. g3 Nf6 4. Bg2 Nbd7 5. O-O g6 6. e3 Bg7 7. c4 O-O 8.
Nc3 Re8 9. Ne5 Nxe5 10. dxe5 Ne4 11. cxd5 Nxc3 12. bxc3 cxd5 13. Bxd5 e6 14.
Bf3 Bxe5 15. Qb3 Qc7 16. Bb2 Rb8 17. Rac1 Bd7 18. c4 Bxb2 19. Qxb2 Bc6 20.
Qe2 Bxf3 21. Qxf3 Rbc8 22. Rfd1 Red8 23. Rd4 e5 24. Rd5 Rxd5 25. Qxd5 Rd8
26. Qe4 f5 27. Qc2 Qc6 28. Rd1 Rc8 29. c5 Qe6 30. Rd6 Qf7 31. Qd2 Rc7 32.
Rd8+ Kg7 33. Qd6 Re7 34. f4 e4 35. Qd4+ Kh6 36. Rd5 Qg7 37. h3 Rc7 38. g4
Qxd4 39. exd4 Rf7 40. gxf5 gxf5 41. Kf2 Kg6 42. Rd6+ Rf6 43. Rxf6+ Kxf6 44.
d5 Ke7 45. Ke3 Kd7 46. Kd4 h6 47. a3 a6 {White forfeits on time} 0-1

[Event "ICC tourney 2034 (75 10)"]
[Site "Internet Chess Club"]
[Date "2020.10.04"]
[Round "4"]
[White "yogokings12"]
[Black "Mapking1"]
[Result "0-1"]
[ICCResult "White resigns"]
[WhiteElo "1693"]
[BlackElo "1701"]
[Opening "Sicilian: dragon, Yugoslav attack, 10.O-O-O"]
[ECO "B78"]
[NIC "SI.18"]
[Time "12:01:48"]
[TimeControl "4500+10"]

1. e4 c5 2. Nf3 d6 3. d4 cxd4 4. Nxd4 Nf6 5. Nc3 g6 6. Be3 Bg7 7. f3 Nc6 8.
Qd2 O-O 9. Bc4 Bd7 10. O-O-O Rc8 11. Bb3 Nxd4 12. Bxd4 b5 13. Nd5 Nxd5 14.
Bxg7 Kxg7 15. exd5 a5 16. a3 Kg8 17. h4 b4 18. axb4 axb4 19. h5 Qa5 20. Qd4
Bf5 21. Kd2 Bxc2 22. hxg6 fxg6 23. Rxh7 Kxh7 24. Rh1+ Kg8 25. Rh8+ Kf7 26.
Rh7+ Ke8 27. Rxe7+ Kxe7 28. Qe3+ Kd7 29. Qe6+ Kc7 30. Qe7+ Kb8 31. Qxd6+ Ka8
{White resigns}
0-1

[Event "ICC tourney 2034 (75 10)"]
[Site "Internet Chess Club"]
[Date "2020.10.04"]
[Round "4"]
[White "weakfish"]
[Black "RajatRavi"]
[Result "1/2-1/2"]
[ICCResult "Game drawn by mutual agreement"]
[WhiteElo "1571"]
[BlackElo "1399"]
[Opening "Sicilian: dragon, Yugoslav attack"]
[ECO "B75"]
[NIC "SI.17"]
[Time "12:01:51"]
[TimeControl "4500+10"]

1. e4 c5 2. Nf3 d6 3. d4 cxd4 4. Nxd4 Nf6 5. Nc3 g6 6. f3 Bg7 7. Be3 Nc6 8.
Bb5 Bd7 9. Qd2 O-O 10. Nxc6 Bxc6 11. Bc4 a6 12. O-O b5 13. Bb3 Rc8 14. a3
Qc7 15. Rad1 Rfd8 16. Qf2 Qb7 17. Ne2 Rf8 18. c3 a5 19. Nd4 Bd7 20. Rd2 b4
21. axb4 axb4 22. c4 Ra8 23. h3 Ba4 24. Bxa4 Rxa4 25. b3 Ra3 26. Ra2 Rfa8
27. Rfa1 Rxa2 28. Rxa2 Nd7 29. Nb5 Ne5 30. Rxa8+ Qxa8 31. Qd2 Nc6 32. Qd5
Qa1+ 33. Kh2 Qe5+ 34. f4 Qxd5 35. exd5 Na5 36. Bd2 Nxb3 37. Bxb4 Nd4 38.
Nxd4 Bxd4 39. Kg3 Kg7 40. Kf3 Kf6 41. Ke4 Bb2 42. Ba5
{Game drawn by mutual agreement}
1/2-1/2